 Dungeon Crawl Stone Soup version 0.23-a0-241-g3b46b07 (webtiles) character file.

50 Amnesiac the Magician (level 3, 0/24 HPs)
             Began as a Mummy Ice Elementalist on Sept 27, 2018.
             Slain by an orc wizard
             ... wielding a +0 dagger
              (2 damage)
             ... on level 3 of the Dungeon.
             The game lasted 00:03:25 (784 turns).

Amnesiac the Magician (Mummy Ice Elementalist)       Turns: 784, Time: 00:03:26

Health: 0/24       AC:  2    Str: 11    XL:     3   Next: 55%
Magic:  1/7        EV: 12    Int: 15    God:
Gold:   20         SH:  0    Dex: 12    Spells: 2/8 levels left

rFire    x . .     SeeInvis .   c - +1 dagger (drain)
rCold    + . .     Gourm    .   (no shield)
rNeg     + + +     Faith    .   a - +0 robe
rPois    ∞         Spirit   .   (no helmet)
rElec    .         Reflect  .   (no cloak)
rCorr    .         Harm     .   (no gloves)
MR       .....                  (no boots)
Stlth    ++........             (no amulet)
HPRegen  0.08/turn              (no ring)
MPRegen  0.10/turn              (no ring)

@: no status effects
A: no food or potions, fire vulnerability, cold resistance 1, negative energy
resistance 3, torment resistance, unbreathing
a: no special abilities


You were on level 3 of the Dungeon.
You were not hungry.

You visited 1 branch of the dungeon, and saw 3 of its levels.

You collected 20 gold pieces.

Inventory:

Hand Weapons
 b - a +0 short sword
 c - a +1 dagger of draining (weapon)
Armour
 a - a +0 robe (worn)


   Skills:
 - Level 1.5 Dodging
 - Level 1.5 Stealth
 + Level 3.4 Spellcasting
 - Level 0.7 Conjurations
 * Level 3.4 Ice Magic


You had 2 spell levels left.
You knew the following spells:

 Your Spells              Type           Power        Failure   Level  Hunger
a - Freeze                Ice            ##..         4%          1    N/A
e - Throw Frost           Conj/Ice       #.....       12%         2    N/A
z - Ozocubu's Armour      Chrm/Ice       #.......     28%         3    N/A

Your spell library contained the following spells:

 Spells                   Type           Power        Failure   Level  Hunger
 Throw Icicle             Conj/Ice       #.......     63%         4    N/A
 Summon Ice Beast         Ice/Summ       #.......     67%         4    N/A

Dungeon Overview and Level Annotations

Branches:
Dungeon (3/15)

Altars:
Ashenzari


Innate Abilities, Weirdness & Mutations

You do not eat or drink.
Your flesh is vulnerable to fire.
You are immune to poison.
Your flesh is cold resistant. (rC+)
You are immune to negative energy. (rN+++)
You are immune to unholy pain and torment.
You can survive without breathing.


Message History

Magic restored.
You start resting.
HP restored.
There is a dry fountain here.
Magic restored.
You open the door.
There is an open door here.
An orc and an orc wizard come into view.
Found 6 gold pieces.
An orc comes into view. It is wielding a flail.
The orc wizard hits you with a dagger.
The orc shouts!
Casting: Freeze (safe; 4% risk of failure)
Confirm with . or Enter, or press ? or * to list all spells.
Aiming: Freeze (safe; 4% risk of failure)
Press: ? - help, Shift-Dir - straight line, f - orc
Aim: an orc, wielding a flail and wearing a leather armour You freeze the orc.
The orc is heavily wounded.
The orc barely misses you.
Casting: Freeze (safe; 4% risk of failure)
Confirm with . or Enter, or press ? or * to list all spells.
Aiming: Freeze (safe; 4% risk of failure)
Press: ? - help, Shift-Dir - straight line, f/p - orc
Aim: an orc, wielding a flail and wearing a leather armour (heavily wounded)
You freeze the orc.
You kill the orc!
Casting: Freeze (safe; 4% risk of failure)
Confirm with . or Enter, or press ? or * to list all spells.
Aiming: Freeze (safe; 4% risk of failure)
Press: ? - help, Shift-Dir - straight line, f - orc wizard
Aim: an orc wizard, wielding a dagger and wearing a robe You freeze the orc wizard.
The orc wizard is heavily wounded.
The orc wizard looks encouraged for a moment.
Casting: Freeze (safe; 4% risk of failure)
Confirm with . or Enter, or press ? or * to list all spells.
Aiming: Freeze (safe; 4% risk of failure)
Press: ? - help, Shift-Dir - straight line, f/p - orc wizard
Aim: an orc wizard, wielding a dagger and wearing a robe (heavily wounded)
You freeze the orc wizard.
The orc wizard is severely wounded.
The orc wizard gestures at you while chanting.
The puff of flame hits you! The fire burns you terribly!
* * * LOW HITPOINT WARNING * * *
Casting: Freeze (safe; 4% risk of failure)
Confirm with . or Enter, or press ? or * to list all spells.
Aiming: Freeze (safe; 4% risk of failure)
Press: ? - help, Shift-Dir - straight line, f/p - orc wizard
Aim: an orc wizard, wielding a dagger and wearing a robe (severely wounded)
You freeze the orc wizard.
The orc wizard is severely wounded.
The orc wizard points at you and mumbles some strange words.
The puff of flame hits you! The fire burns you terribly!
* * * LOW HITPOINT WARNING * * *
Casting: Freeze (safe; 4% risk of failure)
Confirm with . or Enter, or press ? or * to list all spells.
Aiming: Freeze (safe; 4% risk of failure)
Press: ? - help, Shift-Dir - straight line, f/p - orc wizard
Aim: an orc wizard, wielding a dagger and wearing a robe (severely wounded)
You freeze the orc wizard.
The orc wizard is almost dead.
The orc wizard hits you with a dagger.
You die...

... #.# ######### #.#
#.oo@...# #.# #.#####.##
#.# #...#.. #..### #.#
#.$..#!. #....# #.#
#.####.. ####.###'###
...#⌠.#.+##(⌠........####
...
#......)..#.......'...
#.#
##.......#.##.....#### #
#. #.......#...#....#


You could see an orc wizard and an orc.

Vanquished Creatures
  3 adders
  An ooze (D:2)
  An orc (D:3)
  A giant cockroach (D:2)
  4 goblins
  3 hobgoblins
  A kobold (D:2)
  A bat (D:2)
  3 rats (D:2)
18 creatures vanquished.

Notes
Turn   | Place    | Note
-------+----------+-------------------------------------------
     0 | D:1      | Amnesiac the Mummy Ice Elementalist began the quest for the
                  | Orb.
     0 | D:1      | Reached XP level 1. HP: 13/13 MP: 4/4
    54 | D:2      | Found a faded altar of an unknown god.
    74 | D:2      | Reached XP level 2. HP: 19/19 MP: 1/5
    78 | D:2      | Learned a level 2 spell: Throw Frost
   373 | D:2      | Reached XP level 3. HP: 13/24 MP: 2/7
   378 | D:2      | Learned a level 3 spell: Ozocubu's Armour
   648 | D:3      | Found a shattered altar of Ashenzari.
   784 | D:3      | Slain by an orc wizard

Vault maps used:
D:1:      dpeg_arrival_rooms_a
D:2:      chequers_ecumenical_altar_simple, serial_glass, glass_columns_a,
          glass_columns_b, first_ration
D:3:      overflow_temple_1_default, evilmike_ruin_ashenzari, uniq_grinder

Skill      XL: |  1  2 |
---------------+-------+-----
Ice Magic      | 3 |  3.4
Spellcasting   | 3 |  3.4
Dodging        | |  1.5
Stealth        | |  1.5
Conjurations   | |  0.7

Action                   || total
-------------------------++-------
Melee: Dagger            ||     3
 Cast: Freeze            ||    44
Dodge: Dodged            ||    27

Table legend:
 A = Non-vault XP
 B = Vault XP
 C = Vault XP percentage of total XP
 D = Non-vault monster count
 E = Vault monster count
 F = Vault count percentage of total count
                 A         B        C        D         E       F
            +---------+---------+-------+---------+---------+-------
      Total |      72 |       0 |   0.0 |      18 |       0 |   0.0
            +---------+---------+-------+---------+---------+-------
        D:1 |       2 |       0 |   0.0 |       1 |       0 |   0.0
        D:2 |      47 |       0 |   0.0 |      12 |       0 |   0.0
        D:3 |      23 |       0 |   0.0 |       5 |       0 |   0.0
            +---------+---------+-------+---------+---------+-------
